TOP OF THE 1ST |
Rancho Cucamonga Sick Monkeys batting - Pitching for Fort Collins Commoners : RHP Clarence Holmes
|
Pitching: RHP Clarence Holmes
|
|
Batting: SHB Jorge Maldonado
|
0-0: Ball 1-0: Foul Ball, location: 2F 1-1: Swinging Strike 1-2: Strikes out swinging
|
Batting: LHB José Esparza
|
0-0: Called Strike 0-1: Swinging Strike 0-2: Strikes out looking
|
Batting: LHB Paul Holcomb
|
0-0: Called Strike 0-1: Ball 1-1: Foul Ball, location: 2F 1-2: Strikes out swinging, 2-3 out at first.
|
Top of the 1st over - 0 run(s), 0 hit(s), 0 error(s), 0 left on base; Rancho Cucamonga 0 - Fort Collins 0 |
BOTTOM OF THE 1ST |
Fort Collins Commoners batting - Pitching for Rancho Cucamonga Sick Monkeys : RHP Armando Rocha
|
Pitching: RHP Armando Rocha
|
|
Batting: RHB Art Cornell
|
0-0: Swinging Strike 0-1: Called Strike 0-2: Fly out, F9 (Flyball, 9S)
|
Batting: RHB Nick McIntyre
|
0-0: Ball 1-0: Swinging Strike 1-1: Called Strike 1-2: Ball 2-2: Foul Ball, location: 2F 2-2: Foul Ball, location: 2F 2-2: Strikes out looking
|
Batting: RHB Edward Green
|
0-0: Ball 1-0: Called Strike 1-1: Ball 2-1: Swinging Strike 2-2: Strikes out swinging
|
Bottom of the 1st over - 0 run(s), 0 hit(s), 0 error(s), 0 left on base; Rancho Cucamonga 0 - Fort Collins 0 |
TOP OF THE 2ND |
Rancho Cucamonga Sick Monkeys batting - Pitching for Fort Collins Commoners : RHP Clarence Holmes
|
Batting: LHB Jesús Miranda
|
0-0: Swinging Strike 0-1: Called Strike 0-2: Hit by Pitch
|
Batting: LHB Sam Fuller
|
0-0: Ball 1-0: Ball 2-0: Called Strike 2-1: Ball Throwing error on steal attempt, E2 Jesús Miranda to third 3-1: Called Strike 3-2: Strikes out swinging
|
Batting: RHB Francisco Gonzáles
|
0-0: Swinging Strike 0-1: Foul Ball, location: 2F 0-2: Ground out 5-3 (Groundball, 5S) Jesús Miranda scores
|
Batting: RHB José Sosa
|
0-0: Ball 1-0: Ball 2-0: Ball 3-0: Called Strike 3-1: Swinging Strike 3-2: Strikes out swinging
|
Top of the 2nd over - 1 run(s), 0 hit(s), 1 error(s), 0 left on base; Rancho Cucamonga 1 - Fort Collins 0 |
BOTTOM OF THE 2ND |
Fort Collins Commoners batting - Pitching for Rancho Cucamonga Sick Monkeys : RHP Armando Rocha
|
Batting: RHB Jonathan Jackson
|
0-0: Ball 1-0: Swinging Strike 1-1: Fly out, F4 (Line Drive, 4)
|
Batting: RHB Silas Small
|
0-0: Ball 1-0: Ball 2-0: Ball 3-0: Called Strike 3-1: Fly out, F7 (Flyball, 7LMF)
|
Batting: RHB António Díaz
|
0-0: Ball 1-0: Fly out, F9 (Flyball, 9)
|
Bottom of the 2nd over - 0 run(s), 0 hit(s), 0 error(s), 0 left on base; Rancho Cucamonga 1 - Fort Collins 0 |
TOP OF THE 3RD |
Rancho Cucamonga Sick Monkeys batting - Pitching for Fort Collins Commoners : RHP Clarence Holmes
|
Batting: RHB Lyle Jackson
|
0-0: Ball 1-0: Ground out 6-3 (Groundball, 6)
|
Batting: RHB Roberto Quiñones
|
0-0: Ball 1-0: Called Strike 1-1: Reached on error, E6 (Groundball, 6)
|
Batting: SHB Jorge Maldonado
|
0-0: Ball 1-0: Called Strike Roberto Quiñones is caught stealing 2nd base 1-1: Bunt for hit - play at first, batter safe!
|
Batting: LHB José Esparza
|
0-0: Called Strike Jorge Maldonado steals 2nd base 0-1: Foul Ball, location: 2F 0-2: Foul Ball, location: 2F 0-2: Ball 1-2: Fly out, F7 (Flyball, 7LMF)
|
Top of the 3rd over - 0 run(s), 1 hit(s), 1 error(s), 1 left on base; Rancho Cucamonga 1 - Fort Collins 0 |
BOTTOM OF THE 3RD |
Fort Collins Commoners batting - Pitching for Rancho Cucamonga Sick Monkeys : RHP Armando Rocha
|
Batting: RHB Matt Cole
|
0-0: Called Strike 0-1: Ball 1-1: Swinging Strike 1-2: Foul Ball, location: 2F 1-2: Foul Ball, location: 2F 1-2: Ball 2-2: Ball 3-2: Strikes out swinging
|
Batting: RHB Bobby Doyle
|
0-0: Ball 1-0: Ball 2-0: Foul Ball, location: 2F 2-1: Foul Ball, location: 2F 2-2: Foul Ball, location: 2F 2-2: Ground out 5-3 (Groundball, 56)
|
Batting: LHB Joe Hanson
|
0-0: Ball 1-0: Ball 2-0: Called Strike 2-1: Ball 3-1: Fly out, F9 (Flyball, 9S)
|
Bottom of the 3rd over - 0 run(s), 0 hit(s), 0 error(s), 0 left on base; Rancho Cucamonga 1 - Fort Collins 0 |
TOP OF THE 4TH |
Rancho Cucamonga Sick Monkeys batting - Pitching for Fort Collins Commoners : RHP Clarence Holmes
|
Batting: LHB Paul Holcomb
|
0-0: Ball 1-0: Ball 2-0: Called Strike 2-1: DOUBLE (Line Drive, 7LS)
|
Batting: LHB Jesús Miranda
|
0-0: Ball 1-0: Ball 2-0: Foul Ball, location: 2F 2-1: SINGLE (Groundball, 5D) Paul Holcomb to third
|
Batting: LHB Sam Fuller
|
0-0: Ball 1-0: Fly out, F8 (Line Drive, 8LM) Runner from 3rd tags up, SCORES, no throw
|
Batting: RHB Francisco Gonzáles
|
0-0: Ball Jesús Miranda is caught stealing 2nd base 1-0: Foul Ball, location: 2F 1-1: Ground out 6-3 (Groundball, 6)
|
Top of the 4th over - 1 run(s), 2 hit(s), 0 error(s), 0 left on base; Rancho Cucamonga 2 - Fort Collins 0 |
BOTTOM OF THE 4TH |
Fort Collins Commoners batting - Pitching for Rancho Cucamonga Sick Monkeys : RHP Armando Rocha
|
Batting: RHB Art Cornell
|
0-0: Called Strike 0-1: Ball 1-1: Ball 2-1: Ball 3-1: SINGLE (Line Drive, 89S)
|
Batting: RHB Nick McIntyre
|
0-0: Ball 1-0: Foul Ball, location: 2F 1-1: Foul Ball, location: 2F 1-2: Ball 2-2: Grounds into double play, 6-4-3 (Groundball, 6)
|
Batting: RHB Edward Green
|
0-0: Ball 1-0: DOUBLE (Line Drive, 7LM)
|
Batting: RHB Jonathan Jackson
|
0-0: Ball 1-0: Foul Ball, location: 2F 1-1: Ball 2-1: SINGLE (Line Drive, 8LS) Edward Green to third Runner from 3rd tries for Home, SAFE, no throw
|
Batting: RHB Silas Small
|
0-0: Swinging Strike 0-1: Ball 1-1: Foul Ball, location: 2F 1-2: Foul Ball, location: 2F 1-2: Ball 2-2: Strikes out looking
|
Bottom of the 4th over - 1 run(s), 3 hit(s), 0 error(s), 1 left on base; Rancho Cucamonga 2 - Fort Collins 1 |
TOP OF THE 5TH |
Rancho Cucamonga Sick Monkeys batting - Pitching for Fort Collins Commoners : RHP Clarence Holmes
|
Batting: RHB José Sosa
|
0-0: Ball 1-0: Swinging Strike 1-1: Ball 2-1: Ground out 5-3 (Groundball, 56S)
|
Batting: RHB Lyle Jackson
|
0-0: Ball 1-0: Fly out, F1 (Line Drive, 13)
|
Batting: RHB Roberto Quiñones
|
0-0: Called Strike 0-1: Foul Ball, location: 2F 0-2: Ball 1-2: Ground out 3-1 (Groundball, 34S)
|
Top of the 5th over - 0 run(s), 0 hit(s), 0 error(s), 0 left on base; Rancho Cucamonga 2 - Fort Collins 1 |
BOTTOM OF THE 5TH |
Fort Collins Commoners batting - Pitching for Rancho Cucamonga Sick Monkeys : RHP Armando Rocha
|
Batting: RHB António Díaz
|
0-0: Ball 1-0: Ground out 5-3 (Groundball, 56S)
|
Batting: RHB Matt Cole
|
0-0: Called Strike 0-1: SINGLE (Line Drive, 78M)
|
Batting: RHB Bobby Doyle
|
0-0: Called Strike 0-1: Ball 1-1: Ball 2-1: SINGLE (Line Drive, 56D) Matt Cole to second
|
Batting: LHB Joe Hanson
|
0-0: Ball 1-0: Swinging Strike 1-1: Swinging Strike 1-2: Strikes out swinging
|
Batting: RHB Art Cornell
|
0-0: Foul Ball, location: 2F 0-1: Ball 1-1: Foul Ball, location: 2F 1-2: Ball 2-2: Fly out, F8 (Flyball, 8RS)
|
Bottom of the 5th over - 0 run(s), 2 hit(s), 0 error(s), 2 left on base; Rancho Cucamonga 2 - Fort Collins 1 |
TOP OF THE 6TH |
Rancho Cucamonga Sick Monkeys batting - Pitching for Fort Collins Commoners : RHP Clarence Holmes
|
Batting: SHB Jorge Maldonado
|
0-0: Called Strike 0-1: Foul Ball, location: 2F 0-2: Strikes out looking
|
Batting: LHB José Esparza
|
0-0: Called Strike 0-1: Ball 1-1: Ball 2-1: Ball 3-1: Base on Balls
|
Pitching: LHP Paul Carson
|
|
Batting: LHB Paul Holcomb
|
0-0: Ball 1-0: Called Strike 1-1: Foul Ball, location: 2F 1-2: Ball 2-2: Fly out, F8 (Flyball, 8LD)
|
Batting: LHB Jesús Miranda
|
0-0: Ball 1-0: Called Strike 1-1: Ball 2-1: Ball 3-1: Fly out, F8 (Flyball, 8LS)
|
Top of the 6th over - 0 run(s), 0 hit(s), 0 error(s), 1 left on base; Rancho Cucamonga 2 - Fort Collins 1 |
BOTTOM OF THE 6TH |
Fort Collins Commoners batting - Pitching for Rancho Cucamonga Sick Monkeys : RHP Armando Rocha
|
Pitching: RHP Clyde Fisher
|
|
Batting: RHB Nick McIntyre
|
0-0: Called Strike 0-1: Ball 1-1: Ball 2-1: Ball 3-1: Called Strike 3-2: Foul Ball, location: 2F 3-2: Foul Ball, location: 2F 3-2: Foul Ball, location: 2F 3-2: Strikes out swinging
|
Batting: RHB Edward Green
|
0-0: Ball 1-0: Called Strike 1-1: Ground out 5-3 (Groundball, 56S)
|
Batting: RHB Jonathan Jackson
|
0-0: Called Strike 0-1: Foul Ball, location: 2F 0-2: Strikes out swinging
|
Bottom of the 6th over - 0 run(s), 0 hit(s), 0 error(s), 0 left on base; Rancho Cucamonga 2 - Fort Collins 1 |
TOP OF THE 7TH |
Rancho Cucamonga Sick Monkeys batting - Pitching for Fort Collins Commoners : LHP Paul Carson
|
Batting: LHB Sam Fuller
|
0-0: Foul Ball, location: 2F 0-1: Foul Ball, location: 2F 0-2: Ball 1-2: Reached on error, E6 (Groundball, 6MS)
|
Batting: RHB Francisco Gonzáles
|
0-0: Intentional Walk
|
Pinch Hitting: RHB Orlando González
|
0-0: Ball 1-0: Bunted foul 1-1: Ball 2-1: Sac Bunt - play at first, batter OUT! 3-4 Sam Fuller to third Francisco Gonzáles to second
|
Pinch Hitting: RHB Ed Jackson
|
0-0: Intentional Walk
|
Pinch Hitting: RHB Steve Meyers
|
0-0: Ball 1-0: Fly out, F4 (Popup, 4MD)
|
Batting: SHB Jorge Maldonado
|
0-0: Called Strike 0-1: Foul Ball, location: 2F 0-2: Strikes out swinging
|
Top of the 7th over - 0 run(s), 0 hit(s), 1 error(s), 3 left on base; Rancho Cucamonga 2 - Fort Collins 1 |
BOTTOM OF THE 7TH |
Fort Collins Commoners batting - Pitching for Rancho Cucamonga Sick Monkeys : RHP Clyde Fisher
|
Now at 2B: Júlio García
|
|
Now in LF: Orlando González
|
|
Now in RF: César López
|
|
Batting: RHB Silas Small
|
0-0: Ball 1-0: Foul Ball, location: 2F 1-1: Called Strike 1-2: Ball 2-2: Foul Ball, location: 2F 2-2: Foul Ball, location: 2F 2-2: Ball 3-2: Strikes out swinging
|
Batting: RHB António Díaz
|
0-0: Ground out 5-3 (Groundball, 56S)
|
Batting: RHB Matt Cole
|
0-0: Foul Ball, location: 2F 0-1: Ball 1-1: Ball 2-1: Fly out, F8 (Flyball, 8RM)
|
Bottom of the 7th over - 0 run(s), 0 hit(s), 0 error(s), 0 left on base; Rancho Cucamonga 2 - Fort Collins 1 |
TOP OF THE 8TH |
Rancho Cucamonga Sick Monkeys batting - Pitching for Fort Collins Commoners : LHP Paul Carson
|
Batting: LHB José Esparza
|
0-0: Ball 1-0: Foul Ball, location: 2F 1-1: Ball 2-1: Ball 3-1: Fly out, F9 (Flyball, 89M)
|
Batting: LHB Paul Holcomb
|
0-0: Called Strike 0-1: Ball 1-1: Fly out, F9 (Flyball, 9)
|
Batting: LHB Jesús Miranda
|
0-0: Called Strike 0-1: Hit by Pitch
|
Pinch Hitting: LHB Ed Ballard
|
0-0: Ball 1-0: Foul Ball, location: 2F 1-1: Called Strike Jesús Miranda steals 2nd base 1-2: Ball 2-2: SINGLE (Flyball, 8LS) Jesús Miranda to third Runner from 3rd tries for Home, SAFE, no throw
|
Pitching: LHP Elroy Bunch
|
|
Batting: RHB Francisco Gonzáles
|
0-0: Called Strike 0-1: Ball 1-1: Ball 2-1: Ball Ed Ballard is caught stealing 2nd base
|
Top of the 8th over - 1 run(s), 1 hit(s), 0 error(s), 0 left on base; Rancho Cucamonga 3 - Fort Collins 1 |
BOTTOM OF THE 8TH |
Fort Collins Commoners batting - Pitching for Rancho Cucamonga Sick Monkeys : RHP Clyde Fisher
|
Now in CF: Ed Ballard
|
|
Batting: RHB Bobby Doyle
|
0-0: Ball 1-0: Foul Ball, location: 2F 1-1: Foul Ball, location: 2F 1-2: SINGLE (Flyball, 78S)
|
Pitching: LHP Elmer Ramírez
|
|
Batting: LHB Joe Hanson
|
0-0: Ball 1-0: Ball 2-0: Ground out U3 (Groundball, 34S) Bobby Doyle to second
|
Batting: RHB Art Cornell
|
0-0: Foul Ball, location: 2F 0-1: SINGLE (Groundball, 34D) Bobby Doyle to third Runner from 3rd tries for Home, SAFE, no throw
|
Batting: RHB Nick McIntyre
|
0-0: SINGLE (Groundball, 3D) Art Cornell to second Runner from 2nd tries for 3rd, SAFE, no throw
|
Batting: RHB Edward Green
|
0-0: Ball 1-0: Grounds into double play, 6-4-3 (Groundball, 6)
|
Bottom of the 8th over - 1 run(s), 3 hit(s), 0 error(s), 1 left on base; Rancho Cucamonga 3 - Fort Collins 2 |
TOP OF THE 9TH |
Rancho Cucamonga Sick Monkeys batting - Pitching for Fort Collins Commoners : LHP Elroy Bunch
|
Batting: RHB Francisco Gonzáles
|
0-0: Fly out, F9 (Flyball, 9S)
|
Pitching: RHP Sam Faulkner
|
|
Batting: RHB Orlando González
|
0-0: Foul Ball, location: 2F 0-1: Ball 1-1: Swinging Strike 1-2: Ball 2-2: Strikes out looking
|
Batting: RHB Júlio García
|
0-0: Called Strike 0-1: Called Strike 0-2: Foul Ball, location: 2F 0-2: Ball 1-2: Foul Ball, location: 2F 1-2: Strikes out swinging
|
Top of the 9th over - 0 run(s), 0 hit(s), 0 error(s), 0 left on base; Rancho Cucamonga 3 - Fort Collins 2 |
BOTTOM OF THE 9TH |
Fort Collins Commoners batting - Pitching for Rancho Cucamonga Sick Monkeys : LHP Elmer Ramírez
|
Pitching: LHP Christian Barnes
|
|
Now at C: Jesús Ríos
|
|
Batting: RHB Jonathan Jackson
|
0-0: Foul Ball, location: 2F 0-1: Ball 1-1: Fly out, F4 (Line Drive, 4M)
|
Pinch Hitting: RHB Sherman Cummings
|
0-0: Ball 1-0: Called Strike 1-1: Ball 2-1: Swinging Strike 2-2: Foul Ball, location: 2F 2-2: Strikes out swinging
|
Pinch Hitting: LHB Paul Lee
|
0-0: Fly out, F8 (Flyball, 8RM)
|
Bottom of the 9th over - 0 run(s), 0 hit(s), 0 error(s), 0 left on base; Rancho Cucamonga 3 - Fort Collins 2 |
|